AoeStats
← Zephyr.H

Arena

510295403Analyzed
1v1 RM · 1d ago on Sep 30, 2026· 29m 52s· 2 players
Game mode
Random Map
Map size
Tiny (2 player)
Population
200
Speed
Normal
Resources
Standard
Victory
Conquest
Starting age
Dark Age
Ending age
Imperial Age
RankedLock teamsTeams togetherTeam positionsShared explorationLock speedFull tech treeHidden civsTurbo modeCheats
Victory
Defeat
🇨🇳 Teutons · China
729
+16
🇨🇳 Vietnamese · China
724
-16
Zephyr.H
11:40 Feudal Age
12:29 Loom
17:59 Castle Age
19:42 Double-Bit Axe
24:11 Stone Mining
26:03 Gold Mining
26:38 Horse Collar
26:55 Fletching
29:43 Wheelbarrow
29:14 Pikeman
MerDE
10:08 Feudal Age
9:24 Loom
14:03 Castle Age
12:04 Double-Bit Axe
12:25 Horse Collar
17:27 Fervor
21:08 Stone Mining
22:21 Heavy Plow
24:14 Wheelbarrow
25:00 Bow Saw
29:27 Imperial Age
27:01 Fletching
27:26 Town Watch
27:56 Bodkin Arrow
28:08 Scale Barding Armor
28:32 Hand Cart
28:40 Town Patrol
29:18 Ballistics
29:22 Squires
29:08 Arson
29:31 Scale Mail Armor
30:16 Padded Archer Armor
Connection lost

Rejoining the realm…

Still unreachable

The connection could not be restored.

Session expired

The server has moved on; the page needs a fresh start.